 Dungeon Crawl Stone Soup version 0.28-a0-674-gdaf460b524 (webtiles) character file.

Game seed: 7878502409200173964

35 jasper the Vexing (level 3, -3/24 HPs)
             Began as a Demonspawn Enchanter on Oct 17, 2021.
             Slain by a gnoll (5 damage)
             ... on level 3 of the Dungeon.
             The game lasted 00:01:55 (1093 turns).

jasper the Vexing (Demonspawn Enchanter)            Turns: 1093, Time: 00:01:56

Health: -3/24      AC:  4    Str:  8    XL:     3   Next: 16%
Magic:  1/6        EV: 12    Int: 17    God:
Gold:   22         SH:  0    Dex: 13    Spells: 1/6 levels left

rFire   . . .      SeeInvis .   a - +1 dagger
rCold   . . .      Faith    .   (no shield)
rNeg    . . .      Spirit   .   b - +0 robe
rPois   .          Reflect  .   (no helmet)
rElec   .          Harm     .   (no cloak)
rCorr   .          Rampage  .   (no gloves)
Will    .....                   (no boots)
Stlth   ++........              (no amulet)
HPRegen 0.08/turn               (no ring)
MPRegen 0.10/turn               (no ring)

@: no status effects
A: thin metallic scales 1, spiny 1
a: no special abilities


You were on level 3 of the Dungeon.
You visited 1 branch of the dungeon, and saw 3 of its levels.

You collected 22 gold pieces.

Inventory:

Hand Weapons
 a - a +1 dagger (weapon)
Armour
 b - a +0 robe (worn)
 e - a +0 helmet
Potions
 c - a potion of invisibility
 d - 2 potions of berserk rage {unknown}


   Skills:
 - Level 0.8 Short Blades
 + Level 2.3 Dodging
 + Level 3.2 Stealth
 - Level 2.0 Spellcasting
 + Level 3.4 Hexes


You had one spell level left.
You knew the following spells:

 Your Spells              Type           Power      Damage    Failure   Level
a - Ensorcelled Hibernat  Hex/Ice        14%        N/A       14%         2
b - Confusing Touch       Hex            13%        N/A       14%         3

Your spell library contained the following spells:

 Spells                   Type           Power      Damage    Failure   Level
 Tukima's Dance           Hex            13%        N/A       14%         3
 Dazzling Flash           Conj/Hex       14%        N/A       28%         3
 Ignite Poison            Fire/Tmut/Pois 1%         N/A       50%         3
 Mephitic Cloud           Conj/Pois/Air  1%         N/A       50%         3
 Freezing Cloud           Conj/Ice/Air   0%         6-21      99%         5


Dungeon Overview and Level Annotations

Branches:
Dungeon (3/15)

Altars:


Innate Abilities, Weirdness & Mutations

You are partially covered in thin metallic scales. (AC +2)
You are partially covered in sharp spines.


Message History

You kill the giant cockroach!
A gnoll comes into view. It is wielding a +0 whip.
You see here 6 boomerangs of dispersal.
A goblin comes into view.
It is wielding a +0 dagger of holy wrath.
Things that are here:
a +0 dagger; a goblin corpse You see here a +0 robe.
You barely miss the goblin. The goblin hits you but does no damage.
The goblin hits you but does no damage.
Found a large agate ring.
The goblin misses you. The goblin is struck by your spines.
The goblin hits you but does no damage.
Aiming: Ensorcelled Hibernation (safe; 14% risk of failure)
Press: ? - help, Q - select action Shift-Dir - straight line, f - goblin
Aim: a goblin, wielding a +0 dagger of holy wrath (heavily wounded, chance to affect: 56%)
The goblin looks drowsy...
You now have 1/6 mp.
The helpless goblin fails to defend itself.
You puncture the goblin!
You kill the goblin!
You don't have enough magic to cast this spell.
You don't have enough magic to cast this spell.
Aiming: Ensorcelled Hibernation (safe; 14% risk of failure)
Press: ? - help, Q - select action Shift-Dir - straight line, f - gnoll
Aim: a gnoll, wielding a +0 whip (chance to affect: 48%)
The gnoll resists with some effort.
The gnoll hits you with a +0 whip.
You take 2 damage, and have 11/24 hp.
You now have 0/6 mp.
You hit the gnoll but do no damage. The gnoll is struck by your spines.
The gnoll hits you with a +0 whip!
* * * LOW HITPOINT WARNING * * *
You take 7 damage, and have 4/24 hp.
MASSIVE DAMAGE!! 2 gnolls come into view.
Found a short glowing staff.
A gnoll comes into view. It is wielding a +0 spear.
The gnoll shouts! x2
The gnoll barely misses you. The gnoll hits you with a +0 spear.
* * * LOW HITPOINT WARNING * * *
The gnoll hits you from afar with a +0 spear.
You die...

.# #.# #.# #.# #.#
#.# # ####.####..#
#.g..gg........#
#.##@.g....#.#.#
#.##.#####.#.#.#
#.##.# #.....#
#.##.#####.....####
#.##=#...$.g.......
#.##.#.# #.....#
#.##.#.# #.(...####
#)#....###).†.....#
#...#...[..<.####.#


You could see 4 gnolls.

Vanquished Creatures
  A gnoll (D:1)
  6 endoplasms
  3 giant cockroaches
  3 goblins
  2 hobgoblins
  2 quokkas
  2 ball pythons (D:2)
  A frilled lizard (D:1)
  A kobold (D:1)
21 creatures vanquished.

Vanquished Creatures (others)
  3 plants (D:1)
3 creatures vanquished.

Grand Total: 24 creatures vanquished

Notes
Turn   | Place    | Note
-------+----------+-------------------------------------------
     0 | D:1      | jasper the Demonspawn Enchanter began the quest for the
                  | Orb.
     0 | D:1      | Reached XP level 1. HP: 13/13 MP: 3/3
    37 | D:1      | Gained mutation: You are partially covered in sharp spines.
                  | [demonic ancestry]
    37 | D:1      | Reached XP level 2. HP: 19/19 MP: 5/5
   919 | D:1      | You fall into a shaft and drop 1 floor!
   956 | D:2      | Gained mutation: You are partially covered in thin metallic
                  | scales. (AC +2) [demonic ancestry]
   956 | D:2      | Reached XP level 3. HP: 16/24 MP: 6/6
   995 | D:2      | Learned a level 2 spell: Ensorcelled Hibernation
   999 | D:2      | Learned a level 3 spell: Confusing Touch
  1093 | D:3      | Slain by a gnoll

Illustrated notes

Levels and vault maps discovered:
D:1:      amcnicky_arrival_flooded_fountain, layout_loops_ring, serial_forest,
          infiniplex_forest_clump_double, infiniplex_forest_clump_double,
          infiniplex_forest_clump_diagonal, infiniplex_forest_clump_small,
          infiniplex_forest_end_2, shapermc_ecumenical_altar_gd
D:2:      layout_rooms, serial_shops, shop
D:3:      layout_loops_ring, amcnicky_altar_gilded, uniq_sigmund, uniq_terence

Skill      XL: |  1  2 |
---------------+-------+-----
Dodging        | 2 |  2.3
Stealth        | 3 |  3.2
Short Blades   | |  0.8
Spellcasting   | |  2.0
Hexes          | |  3.4

Action                   || total
-------------------------++-------
Melee: Dagger            ||    64
 Cast: Ensorcelled Hiber ||     7
 Stab: Sleeping          ||     6
Armor: Robe              ||    15
Dodge: Dodged            ||    24

Table legend: (Time is in decaauts)
 A = Elapsed time spent in this place.
 B = Non-inter-level travel time spent in this place.
 C = Inter-level travel time spent in this place.
 D = Time resting spent in this place.
 E = Time spent auto-exploring this place.
 F = Levels seen in this place.
 G = Mean time per level.
                   A        B        C        D        E       F      G
               +--------+--------+--------+--------+--------+-----+--------+
         Total |   1090 |   1090 |      0 |    544 |    303 |   3 |  363.3 |
       Dungeon |   1090 |   1090 |      0 |    544 |    303 |   3 |  363.3 |
               +--------+--------+--------+--------+--------+-----+--------+

Top non-repeatable levels by time:
     D:1: 917 daAuts
     D:2: 142 daAuts
     D:3: 30 daAuts
